 Dungeon Crawl Stone Soup version 0.29.1-1-gd02db6906a (webtiles) character file.

Game seed: 3284036875668895199

20601 LustLizard the Grappler (level 12, -9/123 HPs)
             Began as a Troll Fighter on Sept 21, 2022.
             Was an Elder of Wu Jian.
             Mangled by a seven-headed hydra (15 damage)
             ... on level 2 of the Lair of Beasts.
             The game lasted 00:23:37 (10922 turns).

LustLizard the Grappler (Troll Fighter)            Turns: 10922, Time: 00:23:37

Health: -9/123     AC:  6    Str: 41    XL:     12   Next: 46%
Magic:  20/20      EV: 10    Int:  8    God:    Wu Jian [****..]
Gold:   855        SH: 12    Dex: 13    Spells: 11/11 levels left

rFire   . . .      SeeInvis .   P - +6 spear of Courage {holy, *Noise rN+ Str+8 Dex+4}
rCold   . . .      Faith    .   b - +1 kite shield
rNeg    + . .      Spirit   .   G - +0 troll leather armour
rPois   .          Reflect  .   (helmet restricted)
rElec   .          Harm     .   y - scarf {+Inv}
rCorr   .          Rampage  .   (gloves unavailable)
Will    .....                   (boots unavailable)
Stlth   +.........              (no amulet)
HPRegen 1.90/turn               f - +6 ring of strength
MPRegen 0.17/turn               J - ring of magical power

@: studying Stealth
A: large, unfitting armour, claws 3, regeneration 1, shaggy fur 1, tough skin 1
a: Renounce Religion, Evoke Invisibility, Wall Jump, Serpent's Lash


You were on level 2 of the Lair of Beasts.
You worshipped Wu Jian.
Wu Jian was greatly pleased with you.
You visited 3 branches of the dungeon, and saw 14 of its levels.
You also visited: Ossuary and Volcano.

You collected 855 gold pieces.

Inventory:

Hand Weapons
 P - the +6 spear of Courage (weapon) {holy, *Noise rN+ Str+8 Dex+4}
   (You found it on level 3 of the Dungeon)

   It has been blessed by the Shining One to cause great damage to the undead
   and demons.
   Str:       It affects your strength (+8).
   Dex:       It affects your dexterity (+4).
   rN:        It protects you from negative energy.
   *Noise:    It may make noises in combat.
Missiles
 e - 39 poisoned darts
 p - 13 boomerangs
 x - 2 throwing nets
Armour
 a - a +0 robe
 b - a +1 kite shield (worn)
 y - a scarf of invisibility (worn)
 G - a +0 troll leather armour (worn)
 M - a +0 cloak of fire resistance
 O - the +3 hat of Pondering {ponderous, Will+ MP+10 Int+5}
   (You took it off Gastronok on level 2 of the Lair of Beasts)

   Int:       It affects your intelligence (+5).
   MP:        It affects your magic capacity (+10).
   Will:      It increases your willpower.
Jewellery
 f - a +6 ring of strength (left claw)
 n - an amulet of faith
 J - a ring of magical power (right claw)
 L - a ring of wizardry
Wands
 o - a wand of paralysis (16)
 u - a wand of iceblast (2) (quivered)
 v - a wand of polymorph (11)
 K - a wand of flame (11)
Scrolls
 d - a scroll of torment {unknown}
 h - 3 scrolls of immolation
 i - 3 scrolls of enchant weapon {unknown}
 r - 2 scrolls of enchant armour
 s - 2 scrolls of magic mapping {unknown}
 t - 5 scrolls of blinking
 w - 3 scrolls of amnesia {unknown}
 A - a scroll of brand weapon {unknown}
 B - 6 scrolls of teleportation
 C - a scroll of poison {unknown}
 E - a scroll of butterflies {unknown}
 F - 2 scrolls of vulnerability {unknown}
 H - a scroll of summoning {unknown}
Potions
 c - 3 potions of might
 g - 3 potions of lignification
 j - 4 potions of flight
 k - 4 potions of curing
 l - a potion of resistance
 m - 3 potions of brilliance
 q - a potion of heal wounds
 z - a potion of attraction
 D - 2 potions of cancellation
 I - 2 potions of degeneration {unknown}
 N - a potion of magic {unknown}


   Skills:
 + Level 9.2 Fighting
 + Level 5.6 Dodging
 + Level 10.1 Shields
 * Level 14.7 Unarmed Combat


You had 11 spell levels left.
You didn't know any spells.
Your spell library contained the following spells:

 Spells                   Type           Power      Damage    Failure   Level
 Freeze                   Ice            0%         1d3       65%         1
 Poisonous Vapours        Pois/Air       0%         N/A       78%         2
 Static Discharge         Conj/Air       0%         3-3/arc   78%         2
 Frozen Ramparts          Ice            0%         1d1       95%         3
 Gell's Gravitas          Tloc           0%         N/A       95%         3
 Teleport Other           Tloc           0%         N/A       95%         3
 Corpse Rot               Necr/Pois/Air  0%         N/A       100%        4
 Dispel Undead            Necr           0%         3d6       100%        4
 Hailstorm                Conj/Ice       0%         3d3       100%        4
 Petrify                  Tmut/Erth      0%         N/A       100%        4
 Sticky Flame             Conj/Fire      0%         2d3       100%        4
 Summon Lightning Spire   Summ/Air       0%         N/A       100%        4
 Fireball                 Conj/Fire      0%         3d3       100%        5
 Metabolic Englaciation   Hex/Ice        0%         N/A       100%        5
 Dispersal                Tloc           0%         N/A       100%        6
 Starburst                Conj/Fire      0%         6d3       100%        6
 Statue Form              Tmut/Erth      0%         N/A       100%        6
 Storm Form               Tmut/Air       0%         N/A       100%        7
 Ignition                 Fire           0%         3d3       100%        8
 Maxwell's Capacitive Co  Air            0%         ∞         100%        8


Dungeon Overview and Level Annotations

Branches:
Dungeon (11/15)            Temple (1/1) D:6            Lair (2/5) D:9
    Orc (0/2) D:9         Ossuary (visited)         Volcano (visited)
  Swamp: Lair:2-3    Shoals: Lair:2-3     Snake: Lair:2-3    Spider: Lair:2-3

Altars:
Ashenzari
Elyvilon
Fedhas
Gozag
Hepliaklqana
Kikubaaqudgha
Makhleb
Okawaru
Qazlal
Sif Muna
Trog
Uskayaw
Vehumet
Wu Jian
Yredelemnul
Zin
The Shining One

Shops:
D:5 *   D:9 (

Annotations:
D:10 Lodul
D:11 3 runed translucent doors


Innate Abilities, Weirdness & Mutations

You are too large for most types of armour.
You have claws for hands.
Your natural rate of healing is unusually fast.
You are covered in fur. (AC +1)
You have tough skin. (AC +1)


Message History

The seven-headed hydra bites you.
You block the seven-headed hydra's attack.
The seven-headed hydra bites you! x2; The seven-headed hydra bites you.
You block the seven-headed hydra's attack.
The seven-headed hydra bites you.
You puncture the seven-headed hydra!
The seven-headed hydra is severely wounded.
You block the seven-headed hydra's attack.
The seven-headed hydra bites you! The seven-headed hydra bites you.
The seven-headed hydra barely misses you.
The seven-headed hydra bites you.
You block the seven-headed hydra's attack.
The seven-headed hydra misses you.
You block the seven-headed hydra's attack.
The seven-headed hydra closely misses you.
The seven-headed hydra bites you!
The seven-headed hydra closely misses you. x2
The seven-headed hydra bites you! x2
Aiming: Iceblast
Press: ? - help, Q - select action, (/) - cycle Shift-Dir - straight line, f/p - seven-headed hydra
Aim: a seven-headed hydra (severely wounded) That beam is likely to hit you.
Continue anyway?
Okay, then.
Aiming: Iceblast
Press: ? - help, Q - select action, (/) - cycle Shift-Dir - straight line, p - seven-headed hydra The mass of ice explodes!
The iceblast engulfs the seven-headed hydra!
The seven-headed hydra is almost dead.
You block the seven-headed hydra's attack.
The seven-headed hydra bites you!
* * * LOW HITPOINT WARNING * * *
The seven-headed hydra bites you!
* * * LOW HITPOINT WARNING * * *
The seven-headed hydra bites you.
* * * LOW HITPOINT WARNING * * *
The seven-headed hydra bites you!
* * * LOW HITPOINT WARNING * * *
The seven-headed hydra closely misses you.
The seven-headed hydra bites you!
You die...

.### #.## #.#'###...## .. ##.P##
#.⌠.###....## .## #P..P#
###....###..... ## ###..##
##........###... #....#
##..........##...
####....######...........#..#.
####...........#...#.........#..#
........##....#...###.⌠.###...#..
.......P#.#.###.@####...##.#..#..
........##...#.D.###.....###.....
......#.###..#<.⌠.##..>..# #⌠.<..
.......#.##......###.....###...#.
......###.<..#.....##...###...#..
.....## #.....#....##.⌠..#..[....
>...P# ##.....#....#.....#....#..
....P###.......##...........#....
..#.###.........##..........#....


You could see a seven-headed hydra.

Vanquished Creatures
  Gastronok (Lair:2)
  Josephine (D:10)
  3 two-headed ogres
  A deep elf archer (Volcano)
  6 deep elf pyromancers (Volcano)
  A manticore (D:11)
  A cyclops (D:11)
  A torpor snail (Lair:2)
  2 gargoyles (D:11)
  A cane toad (Lair:2)
  2 komodo dragons (Lair:2)
  3 trolls
  2 hornets
  A polar bear (Lair:2)
  4 wraiths (D:10)
  6 yaks (D:9)
  5 wyverns
  2 shadows (D:11)
  A basilisk (Lair:2)
  5 fire elementals (Volcano)
  2 steam dragons (D:9)
  2 acid dragons
  7 water moccasins
  Duvessa (D:7)
  6 hell hounds (Volcano)
  3 ice beasts
  5 black bears
  A sky beast (D:6)
  7 ogres
  4 centaurs
  2 wolves (D:9)
  A phantom (D:6)
  2 kobold brigands
  6 bullfrogs
  2 gnoll sergeants (D:9)
  An elf zombie (Ossuary)
  A necrophage (D:5)
  2 scorpions
  Dowan (D:7)
  3 killer bees (D:10)
  2 howler monkeys (D:8)
  A crimson imp (D:8)
  A centaur zombie (Ossuary)
  An orc priest (D:3)
  3 gnoll boudas
  5 hounds
  A jelly (D:6)
  6 iguanas
  Ijyb (D:3)
  4 orc wizards
  2 mummies (Ossuary)
  21 gnolls
  7 adders
  4 dart slugs
  30 orcs
  8 bats
  3 endoplasms
  4 giant cockroaches
  4 goblins
  5 hobgoblins
  3 jackals (D:4)
  5 quokkas
  5 ball pythons
  2 frilled lizards
  3 gnoll zombies (Ossuary)
  5 goblin zombies
  5 hobgoblin zombies
  18 kobolds
  3 kobold skeletons (D:8)
  3 orc skeletons (D:8)
  3 orc zombies
  4 rats
280 creatures vanquished.

Vanquished Creatures (others)
  A human (D:5)
  5 fungi
  12 plants
18 creatures vanquished.

Grand Total: 298 creatures vanquished

Notes
Turn   | Place    | Note
-------+----------+-------------------------------------------
     0 | D:1      | LustLizard the Troll Fighter began the quest for the Orb.
     0 | D:1      | Reached XP level 1. HP: 22/22 MP: 0/0
    90 | D:1      | Reached XP level 2. HP: 29/29 MP: 1/1
   618 | D:2      | Reached XP level 3. HP: 36/36 MP: 2/2
   652 | D:2      | Reached skill level 3 in Unarmed Combat
   692 | D:2      | Found a faded altar of an unknown god.
  1340 | D:3      | Reached XP level 4. HP: 16/45 MP: 3/3
  1423 | D:3      | Found a hazy altar of Hepliaklqana.
  1558 | D:3      | Identified the +6 spear of Courage {holy, *Noise rN+ Str+8
                  | Dex+4}
  1674 | D:3      | Reached skill level 4 in Unarmed Combat
  1674 | D:3      | Reached XP level 5. HP: 53/53 MP: 4/4
  1781 | D:3      | Noticed Ijyb
  1792 | D:3      | Killed Ijyb
  2261 | D:4      | Found a shimmering blue altar of Sif Muna.
  2540 | D:5      | Entered Level 5 of the Dungeon
  2545 | D:5      | Found a broken altar of Ashenzari.
  2557 | D:5      | Found a bloodstained altar of Trog.
  2588 | D:5      | Noticed an ice beast
  2608 | D:5      | Killed an ice beast
  2609 | D:5      | Reached skill level 5 in Unarmed Combat
  2609 | D:5      | Reached XP level 6. HP: 59/61 MP: 5/5
  2795 | D:5      | Reached XP level 7. HP: 62/68 MP: 6/6
  2819 | D:5      | Found Vuihur's Gadget Gallery.
  2936 | D:5      | Reached skill level 6 in Unarmed Combat
  3171 | D:5      | Found an ancient bone altar of Kikubaaqudgha.
  3172 | D:5      | Noticed a human
  3174 | D:5      | Killed a human
  3740 | D:6      | Found a staircase to the Ecumenical Temple.
  3774 | Temple   | Entered the Ecumenical Temple
  3796 | Temple   | Became a worshipper of the Wu Jian Council
  3981 | D:6      | Reached skill level 5 in Shields
  3981 | D:6      | Reached XP level 8. HP: 64/79 MP: 7/7
  4036 | D:6      | Reached skill level 7 in Unarmed Combat
  4519 | D:7      | Reached skill level 11 in Unarmed Combat
  4519 | D:7      | Reached XP level 9. HP: 93/93 MP: 8/8
  4688 | D:7      | Paralysed by a hornet for 1 turns
  4834 | D:7      | Noticed Duvessa
  4835 | D:7      | Noticed Dowan
  4846 | D:7      | Killed Duvessa
  4847 | D:7      | Killed Dowan
  4886 | D:7      | Found a radiant altar of Vehumet.
  4915 | D:7      | Found a stormy altar of Qazlal.
  5002 | D:7      | Found an opulent altar of Gozag.
  5002 | D:7      | Found a glowing silver altar of Zin.
  5157 | D:8      | Found a burning altar of Makhleb.
  5170 | D:8      | Found a glowing golden altar of the Shining One.
  5239 | D:8      | Found a white marble altar of Elyvilon.
  5272 | D:8      | Found a basalt altar of Yredelemnul.
  5352 | D:8      | Found a sand-covered staircase.
  5357 | Ossuary  | Entered an ossuary
  5371 | Ossuary  | Reached * piety under Wu Jian
  5647 | D:8      | Noticed a two-headed ogre
  5663 | D:8      | Killed a two-headed ogre
  5664 | D:8      | Reached skill level 12 in Unarmed Combat
  5664 | D:8      | Reached XP level 10. HP: 43/100 MP: 9/9
  6055 | D:9      | Reached ** piety under Wu Jian
  6076 | D:9      | Found a hide-covered altar of Uskayaw.
  6466 | D:9      | Found a staircase to the Lair.
  6495 | D:9      | Found Teadem's Weapon Shoppe.
  6512 | D:9      | Found a staircase to the Orcish Mines.
  6733 | D:10     | Entered Level 10 of the Dungeon
  6966 | D:10     | Reached XP level 11. HP: 103/111 MP: 10/10
  7064 | D:10     | Noticed Lodul
  7200 | D:10     | Reached *** piety under Wu Jian
  7279 | D:10     | Noticed Josephine
  7281 | D:10     | Reached skill level 13 in Unarmed Combat
  7293 | D:10     | Killed Josephine
  8260 | D:11     | Noticed a two-headed ogre
  8264 | D:11     | Killed a two-headed ogre
  8315 | D:11     | Noticed a two-headed ogre
  8320 | D:11     | Killed a two-headed ogre
  8355 | D:11     | Found a runed translucent gate.
  8355 | D:11     | Found a runed translucent gate.
  8355 | D:11     | Found a runed translucent gate.
  8356 | D:11     | Noticed a red ugly thing
  8356 | D:11     | Noticed a purple ugly thing
  8357 | D:11     | Noticed a green ugly thing
  8357 | D:11     | Noticed a glowing orange brain
  8357 | D:11     | Noticed a cyan ugly thing
  8635 | Lair:1   | Entered Level 1 of the Lair of Beasts
  9619 | Lair:2   | Found a dark tunnel.
  9627 | Volcano  | Entered a volcano
  9691 | Volcano  | Reached skill level 14 in Unarmed Combat
  9850 | Volcano  | Noticed a deep elf pyromancer
  9851 | Volcano  | Noticed a deep elf pyromancer
  9860 | Volcano  | Noticed a deep elf pyromancer
  9871 | Volcano  | Killed a deep elf pyromancer
  9872 | Volcano  | Reached XP level 12. HP: 82/122 MP: 11/11
  9907 | Volcano  | Reached skill level 5 in Dodging
 10233 | Lair:2   | Reached skill level 10 in Shields
 10249 | Lair:2   | Reached **** piety under Wu Jian
 10258 | Lair:2   | Noticed Gastronok
 10298 | Lair:2   | Killed Gastronok
 10511 | Lair:2   | Noticed a seven-headed hydra
 10922 | Lair:2   | HP: 6/123 [seven-headed hydra (10)]
 10922 | Lair:2   | Mangled by a seven-headed hydra

Illustrated notes

Levels and vault maps discovered:
D:1:      spicycebolla_green_bress_n_ham, layout_loops_ring
D:2:      layout_loops_ring, basic_ecumenical_altar, dreamdust_princess_bridge
D:3:      layout_basic, lemuel_crystal_altar, st_stairs_13, uniq_ijyb
D:4:      layout_basic, lemuel_blue_sif_altar
D:5:      layout_gridville, tgw_kikubaaqudgha, grunt_temple_overflow_open,
          nicolae_shop_gadgets
D:6:      layout_basic, temple_pool_b
D:7:      layout_basic, grunt_temple_overflow_gold_and_silver,
          mainiacjoe_overflow_two_lobes, uniq_duvessa
D:8:      layout_basic, nicolae_tso_besieged_by_evil,
          nicolae_overflow_hidden_temple, enter_ossuary_5
D:9:      layout_roguey, nicolae_uskayaw_murder_on_the_dancefloor,
          minmay_lair_entry_grove, serial_shops, shop, hangedman_decor_slide_cut
D:10:     layout_loops_ring, minmay_misc_feat_rugged, uniq_josephine, uniq_lodul
D:11:     layout_gridville, ploomutoo_gammafunk_ghost_potion_laboratory
Temple:   nicolae_temple_great_sept
Lair:1:   layout_roguey, infiniplex_staircase_pool
Lair:2:   layout_cave_pods, enter_volcano_2, infiniplex_staircase_pool_2,
          grunt_megastairs_5, uniq_gastronok

Skill      XL: |  1  2  3  4  5  6  7  8  9 10 11 12 |
---------------+-------------------------------------+-----
Shields        | 3 4 5 7 8 9 10 | 10.1
Unarmed Combat | 3 4 5 6 11 12 14 | 14.7
Fighting       | 3 4 7 8 9 |  9.2
Dodging        | 3 4 5 |  5.6

Action                   |  1- 3 |  4- 6 |  7- 9 | 10-12 || total
-------------------------+-------+-------+-------+-------++-------
Melee: Unarmed           |    96 |   133 |   186 |   394 ||   809
       Spear             |       |       |       |     2 ||     2
Throw: Dart              |       |     2 |     3 |     7 ||    12
Invok: Lunge             |       |       |    13 |    33 ||    46
       Whirlwind         |       |       |       |     3 ||     3
Evoke: Wand              |       |       |       |     3 ||     3
  Use: Scroll            |     4 |     2 |     3 |     5 ||    14
       Potion            |       |       |     1 |     1 ||     2
 Stab: Sleeping          |     1 |     1 |       |       ||     2
Armor: Robe              |    29 |    40 |    27 |     6 ||   102
       Troll leather arm |       |       |       |    53 ||    53
Dodge: Dodged            |    45 |    44 |    34 |   108 ||   231
Block: Kite shield       |    34 |    51 |    51 |   152 ||   288
